 Dungeon Crawl Stone Soup version 0.19-a0-1122-g39308c2 (webtiles) character file.

6864 HenryFlower the Martial Artist (level 11, -5/70 HPs)
             Began as a Merfolk Transmuter on Aug 12, 2016.
             Was a Priest of Okawaru.
             Slain by a six-headed hydra (16 damage)
             ... on level 13 of the Dungeon.
             The game lasted 00:25:18 (12493 turns).

HenryFlower the Martial Artist (MfTm)              Turns: 12493, Time: 00:25:19

Health: -5/70      AC:  2    Str: 10    XL:     11   Next: 6%
Magic:  9/14       EV: 21    Int: 15    God:    Okawaru [***...]
Gold:   359        SH:  0    Dex: 21    Spells: 2 memorised, 7 levels left

rFire  . . .     SeeInvis .       - Unarmed
rCold  . . .     Gourm    .     (armour currently unavailable)
rNeg   . . .     Faith    .     (shield currently unavailable)
rPois  x         Spirit   .     (helmet currently unavailable)
rElec  .         Dismiss  .     (cloak currently unavailable)
rCorr  .         Reflect  .     (gloves currently unavailable)
SustAt .         Harm     .     (boots currently unavailable)
MR     .....                    E - amulet of rage
Stlth  ++........               a - ring of stealth
                                I - +2 ring of slaying

@: spider-form, very slightly contaminated
A: (change form in water), (swift swim)
a: End Transformation, Heroism, Renounce Religion, Evoke Berserk Rage


You were on level 13 of the Dungeon.
You worshipped Okawaru.
Okawaru was most pleased with you.
You were not hungry.
You were a venomous arachnid creature.
You visited 2 branches of the dungeon, and saw 12 of its levels.

You collected 532 gold pieces.
You spent 173 gold pieces at shops.

Inventory:

Armour
 j - a +0 buckler
 u - a +0 troll leather armour (melded)
 v - a +1 swamp dragon armour
 B - a +1 helmet (melded)
 K - a +2 cloak of magic resistance (melded)
Magical Staves
 i - an uncursed staff of death {unknown}
Jewellery
 a - a ring of stealth (right front leg)
 g - a cursed ring of loudness {unknown}
 s - an uncursed ring of poison resistance
 t - a +3 ring of intelligence
 E - an amulet of rage (around neck)
 I - a +2 ring of slaying (left front leg)
 J - a +3 ring of intelligence
Wands
 w - a wand of heal wounds (8/9)
 y - a wand of random effects (30/48)
 D - a wand of digging (13/24)
 L - a wand of flame (30/48)
Scrolls
 b - a scroll of magic mapping
 e - 4 scrolls of remove curse
 z - 4 scrolls of enchant weapon
 G - a scroll of enchant armour
 M - a scroll of amnesia
Potions
 h - 2 potions of cancellation
 l - a potion of haste
 n - 3 potions of agility
 p - a potion of invisibility
 q - 6 potions of curing
 x - 3 potions of brilliance
 C - a potion of berserk rage
 F - a potion of ambrosia
 H - 2 potions of resistance
 N - a potion of might {unknown}
Books
 c - a book of Changes

   Spells                             Type                      Level
   a - Beastly Appendage              Transmutation                1
   b - Sticks to Snakes               Transmutation                2
   c - Spider Form                    Transmutation/Poison         3
   d - Ice Form                       Ice/Transmutation            4
   e - Blade Hands                    Transmutation                5
Comestibles
 d - 7 bread rations
 f - 2 royal jellies
 m - 6 meat rations
 o - a beef jerky
 r - 8 fruits


   Skills:
 - Level 1.1 Fighting
 - Level 2.6 Dodging
 * Level 14.6 Unarmed Combat
 - Level 2.0 Spellcasting
 + Level 9.6 Transmutations
 - Level 6.0 Ice Magic
 - Level 1.3 Poison Magic


You had 7 spell levels left.
You knew the following spells:

 Your Spells              Type           Power        Failure   Level  Hunger
a - Ice Form              Ice/Tmut       ####....     28%         4    #####..
b - Spider Form           Tmut/Pois      ###.......   24%         3    ###....


Dungeon Overview and Level Annotations

Branches:
Dungeon (10/15)            Temple (1/1) D:6
   Lair: D:8-11         Orc: D:9-12

Altars:
Ashenzari
Cheibriados
Dithmenos
Fedhas
Gozag
Kikubaaqudgha
Makhleb
Nemelex Xobeh
Okawaru
Pakellas
Qazlal
Ru
Sif Muna
Trog
Vehumet
Xom
Yredelemnul
Zin
The Shining One

Shops:
D:4 [   D:6 ?   D:8 (

Portals:
Bailey: D:13


Message History

Your unstable footing causes you to fumble your attack.
The six-headed hydra completely misses you.
The six-headed hydra bites you! The six-headed hydra misses you.
The six-headed hydra completely misses you. x2
The six-headed hydra bites you.
Your unstable footing causes you to fumble your attack.
Unknown command.
Your unstable footing causes you to fumble your attack.
The six-headed hydra misses you. The six-headed hydra bites you.
The six-headed hydra bites you!
* * * LOW HITPOINT WARNING * * *
The six-headed hydra closely misses you.
The six-headed hydra barely misses you. The six-headed hydra bites you!
* * * LOW HITPOINT WARNING * * *
Unknown command.
The six-headed hydra completely misses you.
The six-headed hydra bites you!!
* * * LOW HITPOINT WARNING * * *
The six-headed hydra bites you!
You die... '≈.# #≈.∩ #≈!# #≈g# #OC

#C# #)# ######### #
#D###.......###≈ ..
#≈s≈≈≈≈))≈≈≈≈≈≈≈
...####..####)###....
....##.## #.<......#
#....# #......###
#...####......#
###....'......#
######......#
####+###


You could see a six-headed hydra, a hill giant and a two-headed ogre.

Vanquished Creatures
  A hill giant (D:10)
  A centaur skeleton (D:10)
  A slime creature (D:7)
  2 trolls
  A two-headed ogre (D:10)
  Sigmund (D:3)
  10 yaks
  A water moccasin (D:10)
  A phantom (D:5)
  2 ice beasts
  5 sky beasts
  A necrophage (D:10)
  4 centaurs
  4 ogres
  A crocodile (D:10)
  3 giant frogs
  A scorpion (D:5)
  3 killer bees (D:8)
  6 howler monkeys
  4 crimson imps
  2 giant frog zombies (D:5)
  2 quasits
  A hound (D:3)
  7 jellies (D:7)
  Crazy Yiuf (D:3)
  A giant frog skeleton (D:10)
  An orc wizard (D:8)
  A gnoll shaman (D:10)
  Jessica (D:3)
  Terence (D:2)
  4 iguanas
  Natasha (D:3)
  10 worker ants
  A hound zombie (D:8)
  2 howler monkey zombies
  6 gnolls
  12 adders
  3 shadow imps
  11 oozes
  An adder zombie (D:9)
  An adder skeleton (D:5)
  9 worms
  2 dart slugs
  4 giant geckos
  10 orcs
  4 giant cockroaches
  10 goblins
  8 hobgoblins
  8 jackals
  5 kobolds
  2 quokkas
  3 ball pythons
  10 bats
  2 giant newts
  A jackal skeleton (D:3)
  A quokka skeleton (D:5)
  10 rats
212 creatures vanquished.

Vanquished Creatures (others)
  6 fungi (D:7)
6 creatures vanquished.

Grand Total: 218 creatures vanquished

Notes
Turn   | Place    | Note
-------+----------+-------------------------------------------
     0 | D:1      | HenryFlower the Merfolk Transmuter began the quest for the Orb.
     0 | D:1      | Reached XP level 1. HP: 15/15 MP: 3/3
   406 | D:1      | Reached XP level 2. HP: 17/21 MP: 5/5
  1423 | D:1      | Reached XP level 3. HP: 11/26 MP: 4/6
  1729 | D:1      | Learned a level 3 spell: Spider Form
  2006 | D:2      | Found a shattered altar of Ashenzari.
  2011 | D:2      | Found a burning altar of Makhleb.
  2030 | D:2      | Reached skill level 5 in Transmutations
  2083 | D:2      | Reached skill level 1 in Poison Magic
  2183 | D:2      | Noticed Terence
  2193 | D:2      | Reached XP level 4. HP: 32/32 MP: 3/7
  2206 | D:2      | Killed Terence
  2321 | D:2      | Reached skill level 4 in Unarmed Combat
  2547 | D:2      | Reached XP level 5. HP: 30/37 MP: 3/8
  3344 | D:3      | Found a blossoming altar of Fedhas.
  3345 | D:3      | Noticed Jessica
  3356 | D:3      | Killed Jessica
  3356 | D:3      | Reached skill level 5 in Unarmed Combat
  3766 | D:3      | Found a runed door.
  3770 | D:3      | Noticed Crazy Yiuf
  3780 | D:3      | Killed Crazy Yiuf
  3780 | D:3      | Reached XP level 6. HP: 43/43 MP: 6/9
  3877 | D:3      | Reached skill level 6 in Unarmed Combat
  4064 | D:3      | Noticed Sigmund
  4072 | D:3      | Killed Sigmund
  4072 | D:3      | Reached skill level 7 in Unarmed Combat
  4192 | D:3      | Noticed Natasha
  4202 | D:3      | Killed Natasha
  4208 | D:3      | Reached XP level 7. HP: 47/48 MP: 6/10
  4242 | D:3      | Found a radiant altar of Vehumet.
  4610 | D:4      | Found Inuoh's Antique Armour Shoppe.
  4617 | D:4      | Bought a glowing cloak for 121 gold pieces
  5208 | D:5      | Entered Level 5 of the Dungeon
  5262 | D:5      | Reached skill level 8 in Unarmed Combat
  5438 | D:5      | Reached skill level 9 in Unarmed Combat
  5667 | D:5      | Found a shimmering altar of Xom.
  5743 | D:5      | Reached XP level 8. HP: 54/54 MP: 11/11
  6212 | D:5      | Reached skill level 10 in Unarmed Combat
  6299 | D:5      | Noticed a moth of wrath
  6645 | D:5      | Found a bloodstained altar of Trog.
  6895 | D:5      | Reached skill level 11 in Unarmed Combat
  7187 | D:6      | Learned a level 4 spell: Ice Form
  7194 | D:6      | Reached XP level 9. HP: 55/59 MP: 5/12
  7204 | D:6      | Reached skill level 1 in Ice Magic
  7275 | D:6      | Found a staircase to the Ecumenical Temple.
  7452 | Temple   | Entered the Ecumenical Temple
  7526 | Temple   | Became a worshipper of Warmaster Okawaru
  7657 | D:6      | Found Vumiaq's Magic Scroll Emporium.
  7696 | D:6      | Bought a scroll of identify for 26 gold pieces
  7696 | D:6      | Bought a scroll of identify for 26 gold pieces
  8342 | D:7      | Reached skill level 12 in Unarmed Combat
  8363 | D:7      | Reached * piety under Okawaru
  9140 | D:7      | Reached skill level 5 in Ice Magic
  9504 | D:8      | Reached XP level 10. HP: 63/65 MP: 10/13
 10181 | D:8      | Found Yluqerha's Weapon Shop.
 10851 | D:9      | Reached skill level 13 in Unarmed Combat
 11092 | D:9      | Found a deep blue altar of Sif Muna.
 11400 | D:9      | Found a sacrificial altar of Ru.
 11543 | D:9      | You fall through a shaft!
 11543 | D:10     | Entered Level 10 of the Dungeon
 11569 | D:10     | Reached ** piety under Okawaru
 12052 | D:10     | Reached skill level 14 in Unarmed Combat
 12057 | D:10     | Reached *** piety under Okawaru
 12163 | D:10     | Noticed a hill giant
 12172 | D:10     | Killed a hill giant
 12172 | D:10     | Reached XP level 11. HP: 70/70 MP: 7/14
 12442 | D:10     | You fall through a shaft for 3 floors!
 12471 | D:13     | Found a flagged portal.
 12482 | D:13     | Noticed a hill giant
 12484 | D:13     | Noticed a six-headed hydra
 12485 | D:13     | Noticed a hill giant
 12493 | D:13     | Slain by a six-headed hydra

Vault maps used:
D:1:      minmay_arrival_widening_spiral_wide, st_stairs_11,
          serial_park_tiny_pond
D:2:      grunt_temple_overflow_open, st_stairs_4, minmay_tall_x, uniq_terence
D:3:      overflow_temple_1_default, nicolae_overflow_hidden_temple,
          first_bread, uniq_sigmund, uniq_crazy_yiuf_cottage, uniq_natasha,
          uniq_jessica
D:4:      serial_shops, nicolae_shop_crystal
D:5:      tgw_xom, tgw_trog
D:6:      serial_shops, nicolae_shop_stone
D:7:      lemuel_slime
D:8:      serial_shops, shop
D:9:      marbit_many_paths, basic_altar
D:13:     david_vaults_5, lightli_bailey_entry_fortress
Temple:   nicolae_temple_elliptical

Skill      XL: |  1  2  3  4  5  6  7  8  9 10 |
---------------+-------------------------------+-----
Transmutations | 3 4 5 7 9 |  9.6
Poison Magic   | 1 |  1.3
Unarmed Combat | 4 5 7 9 11 12 14 | 14.6
Ice Magic      | 5 6 |  6.0
Fighting       | |  1.1
Dodging        | |  2.6
Spellcasting   | |  2.0

Action                   |  1- 3 |  4- 6 |  7- 9 | 10-12 || total
-------------------------+-------+-------+-------+-------++-------
Melee: Unarmed           |   105 |   151 |   261 |   152 ||   669
       Headbutt          |     6 |       |       |       ||     6
       Punch             |     2 |     1 |     5 |     4 ||    12
 Cast: Beastly Appendage |    10 |       |       |       ||    10
       Spider Form       |     3 |    15 |    30 |    21 ||    69
 Abil: Evoke Berserk Rag |       |     1 |       |       ||     1
  Use: Scroll            |     1 |     2 |    22 |     6 ||    31
       Potion            |       |       |     1 |     2 ||     3
 Stab: Sleeping          |       |     1 |     4 |     3 ||     8
  Eat: Chunk             |     4 |    10 |    17 |    11 ||    42
       Pizza             |       |       |     2 |       ||     2
       Beef jerky        |       |       |       |     2 ||     2
Armor: Robe              |    28 |    18 |    36 |       ||    82
       Skin              |       |     5 |     6 |    24 ||    35
       Troll leather arm |       |       |       |     8 ||     8
Dodge: Dodged            |   116 |   107 |   140 |   117 ||   480
